 Dungeon Crawl Stone Soup version 0.29.0-4-gdea44cf6ec (webtiles) character file.

Game seed: 15388369453890449244

49 qw the Ruffian (level 3, -3/28 HPs)
             Began as a Ghoul Fire Elementalist on Aug 29, 2022.
             Slain by a gnoll
             ... wielding a +0 spear
              (4 damage)
             ... on level 2 of the Dungeon.
             The game lasted 00:01:55 (2527 turns).

qw the Ruffian (Ghoul Fire Elementalist)            Turns: 2527, Time: 00:01:55

Health: -3/28      AC:  3    Str: 13    XL:     3   Next: 77%
Magic:  4/4        EV: 11    Int: 10    God:
Gold:   58         SH:  0    Dex:  9    Spells: 4/5 levels left

rFire   . . .      SeeInvis .     - Unarmed
rCold   + . .      Faith    .   (no shield)
rNeg    + + +      Spirit   .   c - +0 leather armour
rPois   inf        Reflect  .   (no helmet)
rElec   .          Harm     .   (no cloak)
rCorr   .          Rampage  .   (no gloves)
Will    .....                   (no boots)
Stlth   +.........              (no amulet)
HPRegen 0.00/turn               (no ring)
MPRegen 0.09/turn               (no ring)

@: inhibited regen
A: claws 1, cold resistance 1, negative energy resistance 3, inhibited
regeneration, torment resistance 2, devour on kill
a: no special abilities


You were on level 2 of the Dungeon.
You visited 1 branch of the dungeon, and saw 2 of its levels.

You collected 58 gold pieces.


Innate Abilities, Weirdness & Mutations

You are immune to poison.
You have sharp fingernails.
Your flesh is cold resistant. (rC+)
You are immune to negative energy. (rN+++)
You do not regenerate when monsters are visible.
You are immune to unholy pain and torment.
You thrive by killing the living.


   Skills:
 - Level 1.2 Fighting
 - Level 1.7 Dodging
 - Level 2.1 Stealth
 + Level 3.2 Unarmed Combat
 - Level 1.7 Spellcasting
 - Level 0.7 Conjurations
 - Level 2.4 Fire Magic


You had 4 spell levels left.
You knew the following spells:

 Your Spells              Type           Power      Damage    Failure   Level
a - Foxfire               Conj/Fire      16%        2x1d4     22%         1

Your spell library contained the following spells:

 Spells                   Type           Power      Damage    Failure   Level
 Scorch                   Fire           10%        2d5       22%         2
 Conjure Flame            Conj/Fire      4%         6-21      54%         3
 Inner Flame              Hex/Fire       3%         N/A       58%         3
 Flame Wave               Conj/Fire      4%         2d5       91%         4

Inventory:

Armour
 a - a +0 plate armour
 c - a +0 leather armour (worn)
Potions
 b - a potion of heal wounds {unknown}
 d - a potion of ambrosia {unknown}
 e - a potion of resistance

Dungeon Overview and Level Annotations

Branches:
Dungeon (2/15)

Altars:

Shops:
D:1 ((


Message History

2212 ||| Stepping ~*~*~tactically~*~*~ (hiding).
You start waiting.
Done waiting.
2314 ||| Stepping ~*~*~tactically~*~*~ (hiding).
You start waiting.
Done waiting.
2416 ||| Stepping ~*~*~tactically~*~*~ (hiding).
You start waiting.
Done waiting.
The gnoll shouts!
You hear a shout!
2518 ||| Stepping ~*~*~tactically~*~*~ (hiding). 2 gnolls come into view.
A gnoll comes into view. It is wielding a +0 spear.
The gnoll moves out of view.
2519 ||| Stepping ~*~*~tactically~*~*~ (hiding).
The gnoll shouts!
You hear an angry hiss.
The gnoll hits you with a +0 spear.
The gnoll shouts!
You scratch the gnoll.
The gnoll is lightly wounded.
The gnoll hits you with a +0 spear.
You scratch the gnoll.
The gnoll is heavily wounded.
The gnoll hits you from afar with a +0 spear.
You claw the gnoll!
You kill the gnoll!
You feel better. The gnoll barely misses you.
Your Unarmed Combat skill increases to level 3!
A ball python comes into view.
The gnoll hits you with a +0 spear. The gnoll hits you but does no damage.
You completely miss the gnoll. The gnoll hits you but does no damage.
The gnoll hits you from afar with a +0 spear.
The gnoll hits you with a +0 whip!
You scratch the gnoll.
The gnoll is lightly wounded.
The gnoll hits you with a +0 spear!
The gnoll hits you from afar with a +0 spear.
You die...

.....### .......# ..
.......# .#### ##.....#
## .....# #.###### #..
......
#.#....###..#####..S..#
##.#.....#..##.........#
.#.#.......###.##gg....#
.....[...###....@g.....#
....#....# #.##)##.....#
.........# #.##.# .####
#....>#..###.##.. #
#.#####......#####
#.#####.######
#.##.......#
#.##.......#
#.##.......#


You could see 3 gnolls and a ball python.

Vanquished Creatures
  A gnoll (D:2)
  5 endoplasms
  2 giant cockroaches (D:1)
  7 goblins
  A hobgoblin (D:1)
  A quokka (D:2)
  3 ball pythons
  2 bats (D:1)
  3 frilled lizards
  8 kobolds
  5 rats
38 creatures vanquished.

Notes
Turn   | Place    | Note
-------+----------+-------------------------------------------
     0 | D:1      | qw the Ghoul Fire Elementalist began the quest for the Orb.
     0 | D:1      | Reached XP level 1. HP: 14/14 MP: 2/2
     0 | D:1      | 0 ||| qw: Version: 0.1-a-90-g952f4b7
     0 | D:1      | 0 ||| qw: Game counter: 4006
     0 | D:1      | 0 ||| qw: Always use a shield: true
     0 | D:1      | 0 ||| qw: God list: Okawaru
     0 | D:1      | 0 ||| qw: Allow faded altars: false
     0 | D:1      | 0 ||| qw: Do Orc after D:15 true
     0 | D:1      | 0 ||| qw: Do second Lair branch before Depths: true
     0 | D:1      | 0 ||| qw: Lair rune preference: random
     0 | D:1      | 0 ||| qw: Plans: Normal
     0 | D:1      | 0 ||| PLANNING D:1-11
   263 | D:1      | 263 ||| Stepping ~*~*~tactically~*~*~ (outnumbered).
   266 | D:1      | Reached skill level 1 in Unarmed Combat
   541 | D:1      | Reached skill level 1 in Fighting
   541 | D:1      | Reached XP level 2. HP: 12/23 MP: 3/3
  1175 | D:1      | Found Cudamp's Weapon Shop.
  1243 | D:1      | Found Leedugat's Antique Weapon Shoppe.
  1391 | D:1      | Reached skill level 2 in Unarmed Combat
  1571 | D:1      | Reached XP level 3. HP: 28/28 MP: 4/4
  1788 | D:1      | 1788 ||| UPGRADING to +0 leather armour.
  1798 | D:1      | 1798 ||| DROPPING +0 robe.
  1799 | D:1      | 1799 ||| READING 3 scrolls labelled PUROBO JYLL.
  1800 | D:1      | 1800 ||| DROPPING potion of magic.
  1801 | D:1      | 1801 ||| DROPPING 2 scrolls of magic mapping.
  1897 | D:2      | 1897 ||| Stepping ~*~*~tactically~*~*~ (stealth).
  1904 | D:2      | 1904 ||| Stepping ~*~*~tactically~*~*~ (stealth).
  1965 | D:2      | 1965 ||| Stepping ~*~*~tactically~*~*~ (stealth).
  1967 | D:2      | 1967 ||| Stepping ~*~*~tactically~*~*~ (stealth).
  1969 | D:2      | 1969 ||| Stepping ~*~*~tactically~*~*~ (stealth).
  2034 | D:2      | Found a faded altar of an unknown god.
  2037 | D:2      | 2037 ||| READING scroll labelled WEHOZU GISE.
  2038 | D:2      | 2038 ||| READING scroll labelled WYEBAXT DOQO.
  2039 | D:2      | 2039 ||| READING scroll labelled QUROOT LEMNERR.
  2040 | D:2      | 2040 ||| Stepping randomly (stuck).
  2041 | D:2      | 2041 ||| Stepping randomly (stuck).
  2042 | D:2      | 2042 ||| Stepping randomly (stuck).
  2043 | D:2      | 2043 ||| Stepping randomly (stuck).
  2105 | D:2      | 2105 ||| Stepping randomly (stuck).
  2108 | D:2      | 2108 ||| Stepping randomly (stuck).
  2109 | D:2      | 2109 ||| Stepping randomly (stuck).
  2212 | D:2      | 2212 ||| Stepping ~*~*~tactically~*~*~ (hiding).
  2314 | D:2      | 2314 ||| Stepping ~*~*~tactically~*~*~ (hiding).
  2416 | D:2      | 2416 ||| Stepping ~*~*~tactically~*~*~ (hiding).
  2518 | D:2      | 2518 ||| Stepping ~*~*~tactically~*~*~ (hiding).
  2519 | D:2      | 2519 ||| Stepping ~*~*~tactically~*~*~ (hiding).
  2525 | D:2      | Reached skill level 3 in Unarmed Combat
  2527 | D:2      | HP: 1/28 [gnoll/+0 spear (8)]
  2527 | D:2      | Slain by a gnoll

Levels and vault maps discovered:
D:1:      psy_arrival_statuary, layout_basic, serial_shops, nicolae_shop_trees,
          nicolae_shop_trees, chequers_garden, st_stairs_14, minmay_pentomino_x4
D:2:      layout_basic, shapermc_ecumenical_altar_notcrosses,
          dreamdust_princess_corridor

Skill      XL: |  1  2  3 |
---------------+----------+-----
Unarmed Combat | 1 2 3 |  3.2
Fighting       | 1 |  1.2
Dodging        | |  1.7
Stealth        | |  2.1
Spellcasting   | |  1.7
Conjurations   | |  0.7
Fire Magic     | |  2.4

Action                   || total
-------------------------++-------
Melee: Unarmed           ||   158
       Punch             ||     5
  Use: Scroll            ||     4
 Stab: Sleeping          ||     1
Armor: Robe              ||    26
       Leather armour    ||     5
Dodge: Dodged            ||    84

Table legend:
 A = Non-vault XP
 B = Vault XP
 C = Vault XP percentage of total XP
 D = Non-vault monster count
 E = Vault monster count
 F = Vault count percentage of total count
                 A         B        C        D         E       F
            +---------+---------+-------+---------+---------+-------
      Total |      64 |       7 |   9.9 |      33 |       5 |  13.2
            +---------+---------+-------+---------+---------+-------
        D:1 |      29 |       7 |  19.4 |      19 |       5 |  20.8
        D:2 |      35 |       0 |   0.0 |      14 |       0 |   0.0
            +---------+---------+-------+---------+---------+-------
